 Dungeon Crawl Stone Soup version 0.31-a0-198-g2ad674f65e (webtiles) character file.

Game seed: 9484278980455784256

38 qw the Shooter (level 3, -2/20 HPs)
             Began as a Deep Elf Hunter on June 25, 2023.
             Slain by a worm (8 damage)
             ... on level 2 of the Dungeon.
             The game lasted 00:00:18 (646 turns).

qw the Shooter (Deep Elf Hunter)                     Turns: 646, Time: 00:00:19

Health: -2/20      AC:  7    Str: 10    XL:     3   Next: 25%
Magic:  5/5        EV:  9    Int: 13    God:
Gold:   36         SH:  0    Dex: 18    Spells: 2/2 levels left

rFire   . . .        Y - +0 shortbow
rCold   . . .        (shield currently unavailable)
rNeg    . . .        d - +0 scale mail
rPois   .            (no helmet)
rElec   .            (no cloak)
rCorr   .            h - +0 pair of gloves
SInv    .            (no boots)
Will    .....        (no amulet)
Stlth   +            (no ring)
HPRegen 0.23/turn    (no ring)
MPRegen 0.09/turn

%: no passive effects
@: no status effects
A: no striking features
a: no special abilities


You were on level 2 of the Dungeon.
You visited 1 branch of the dungeon, and saw 2 of its levels.

You collected 36 gold pieces.


   Skills:
 - Level 1.5 Fighting
 + Level 6.8 Ranged Weapons
 - Level 2.4 Dodging
 - Level 1.2 Stealth


You had 2 spell levels left.
You didn't know any spells.
Your spell library was empty.

Inventory:

Hand Weapons
 Y - a +0 shortbow (weapon)
Armour
 d - a +0 scale mail (worn)
 h - a +0 pair of gloves (worn)
Potions
 a - a potion of haste {unknown}
 f - a potion of heal wounds

Dungeon Overview and Level Annotations

Branches:
Dungeon (2/15)

Altars:


Message History

You start resting.
HP restored.
a - a fizzy black potion A ball python comes into view.
The ball python hisses angrily.
You shoot an arrow. The arrow hits the ball python.
You kill the ball python!
Found a stone staircase leading down.
You now have 36 gold pieces (gained 3).
Found a book of Armaments.
There is a stone staircase leading down here.
Found a dagger.
Found a stone staircase leading down.
Enter note:
There is a stone staircase leading down here.
Found a book of Blasting.
Enter note: A worm comes into view.
You see here 9 gold pieces.
Enter note: You shoot an arrow.
The arrow hits the worm.
The worm is lightly wounded.
You shoot an arrow. The arrow completely misses the worm.
The worm bites you.
You shoot an arrow. The arrow hits the worm.
The worm is lightly wounded.
The worm closely misses you.
You shoot an arrow. The arrow barely misses the worm.
You shoot an arrow. The arrow hits the worm.
The worm is heavily wounded.
The worm bites you.
You shoot an arrow. The arrow hits the worm.
The worm is heavily wounded.
The worm bites you!
You shoot an arrow. The arrow barely misses the worm.
The worm bites you.
You shoot an arrow. The arrow hits the worm!
The worm is almost dead.
The worm bites you!
You die...

#.....# #.....#
.####.....#
..........########
$...............>#
.#####..########.#
##.# #.# #..# #.#
#@## #.#
......w.......#
#.#
###.......###.#
#.# #........# #.#
#..:.....# #.#
#........# #.#
#........# #.#
####.....# #.# .#
#. #.#


You could see a worm.

Vanquished Creatures
  A gnoll (D:1)
  2 bats
  3 endoplasms (D:1)
  2 giant cockroaches
  3 goblins
  A hobgoblin (D:2)
  3 jackals (D:1)
  4 ball pythons
  2 frilled lizards (D:1)
  3 kobolds (D:1)
  2 rats (D:1)
26 creatures vanquished.

Notes
Turn   | Place    | Note
-------+----------+-------------------------------------------
     0 | D:1      | qw the Deep Elf Hunter began the quest for the Orb.
     0 | D:1      | Reached XP level 1. HP: 12/12 MP: 3/3
     0 | D:1      | 0 ||| qw: Version: 0.3-a-22-g0ed2b0b
     0 | D:1      | 0 ||| qw: Game counter: 4950
     0 | D:1      | 0 ||| qw: Melee chars always use a shield: true
     0 | D:1      | 0 ||| qw: God list: Okawaru
     0 | D:1      | 0 ||| qw: Allow faded altars: false
     0 | D:1      | 0 ||| qw: Do Orc after clearing Dungeon:15 true
     0 | D:1      | 0 ||| qw: Do second Lair branch before Depths: true
     0 | D:1      | 0 ||| qw: Lair rune preference: random
     0 | D:1      | 0 ||| qw: Goals: Normal
     0 | D:1      | 0 ||| PLANNING D:1-11
    99 | D:1      | Reached XP level 2. HP: 16/16 MP: 4/4
   100 | D:1      | Reached skill level 6 in Ranged Weapons
   202 | D:1      | Reached XP level 3. HP: 18/20 MP: 5/5
   271 | D:1      | Found a faded altar of an unknown god.
   415 | D:1      | 415 ||| UPGRADING to +0 scale mail.
   425 | D:1      | 425 ||| DROPPING +0 leather armour.
   426 | D:1      | 426 ||| UPGRADING to +0 pair of gloves.
   431 | D:1      | 431 ||| READING scroll labelled FIGEYN WUINOA.
   432 | D:1      | 432 ||| READING scroll labelled UKAHUUMA YFUSA.
   433 | D:1      | 433 ||| READING scroll labelled RULAYR IRYONI.
   434 | D:1      | 434 ||| DRINKING 2 bubbling dark potions.
   435 | D:1      | 435 ||| DROPPING scroll of butterflies.
   646 | D:2      | Slain by a worm

Levels and vault maps discovered:
D:1:      dpeg_arrival_more_subterranean_lakeside_camping, layout_rooms,
          ebering_ecumenical_altar_box
D:2:      minmay_evil_eye, layout_basic, uniq_robin

Skill      XL: |  1  2 |
---------------+-------+-----
Ranged Weapons | 6 |  6.8
Fighting       | |  1.5
Dodging        | |  2.4
Stealth        | |  1.2

Action                     || total
---------------------------++-------
   Fire: Shortbow          ||    70
    Use: Scroll            ||     3
         Potion            ||     1
 Armour: Leather armour    ||     5
         Scale mail        ||     2
  Dodge: Dodged            ||    16

Table legend:
 A = Non-vault XP
 B = Vault XP
 C = Vault XP percentage of total XP
 D = Non-vault monster count
 E = Vault monster count
 F = Vault count percentage of total count
                 A         B        C        D         E       F
            +---------+---------+-------+---------+---------+-------
      Total |      55 |       0 |   0.0 |      26 |       0 |   0.0
            +---------+---------+-------+---------+---------+-------
        D:1 |      47 |       0 |   0.0 |      21 |       0 |   0.0
        D:2 |       8 |       0 |   0.0 |       5 |       0 |   0.0
            +---------+---------+-------+---------+---------+-------
